 Dungeon Crawl Stone Soup version 0.21.1-1-g345015f (webtiles) character file.

5881 Mirai the Thaumaturge (level 10, -5/50 HPs)
             Began as a Deep Elf Conjurer on Apr 4, 2018.
             Was a Follower of Vehumet.
             Slain by a hellwing (7 damage)
             ... on level 8 of the Dungeon.
             The game lasted 00:40:00 (10399 turns).

Mirai the Thaumaturge (Deep Elf Conjurer)          Turns: 10399, Time: 00:40:00

Health: -5/50      AC:  7    Str: 15 (17) XL:     10   Next: 52%
Magic:  4/29       EV: 21    Int: 21 (22) God:    Vehumet [*.....]
Gold:   410        SH:  6    Dex: 20 (22) Spells: 24/35 levels left

rFire    + . .     SeeInvis .   y - +5 hand axe of the Nexus {drain, *Rage rPois MR++ Str+10}
rCold    . . .     Gourm    +   z - +2 buckler
rNeg     . . .     Faith    .   N - +1 leather armour {MR+}
rPois    +         Spirit   .   (helmet restricted)
rElec    .         Reflect  .   (no cloak)
rCorr    .         Harm     .   n - +2 pair of gloves
MR       ++++.     Rnd*Rage +   (no boots)
Stlth    ++........             o - amulet of the gourmand
HPRegen  0.16/turn              x - ring of protection from fire
MPRegen  0.21/turn              C - ring of poison resistance

@: agile, berserk cooldown, contaminated, slowed, glowing, very slow
A: horns 1, thin skeletal structure 1, dopey 1, strong 1
a: Renounce Religion


You were on level 8 of the Dungeon.
You worshipped Vehumet.
Vehumet was aware of your devotion.
You were very full.

You visited 2 branches of the dungeon, and saw 11 of its levels.
You also visited: Ossuary.

You collected 410 gold pieces.

Inventory:

Hand Weapons
 y - the +5 hand axe of the Nexus (weapon) {drain, *Rage rPois MR++ Str+10}
   (You found it on level 5 of the Dungeon)

   A truly terrible weapon, it drains the life of those it strikes.
   It affects your strength (+10).
   It protects you from poison.
   It affects your resistance to hostile enchantments.
   It may make you go berserk in combat.
Armour
 n - a +2 pair of gloves (worn)
 q - the +0 helmet of the Pink Corner {*Contam Regen+ Dex+4 Slay+2}
   (You took it off Robin on level 2 of the Dungeon)

   It affects your dexterity (+4).
   It affects your accuracy and damage with ranged weapons and melee attacks
   (+2).
   It causes magical contamination when unequipped.
   It increases your rate of regeneration.
 z - a +2 buckler (worn)
 A - a +2 leather armour of cold resistance
 N - a +1 leather armour of magic resistance (worn)
Jewellery
 i - an uncursed ring of stealth
 o - an amulet of the gourmand (around neck)
 w - an uncursed ring of flight
 x - a ring of protection from fire (left hand)
 C - a ring of poison resistance (right hand)
 D - an uncursed amulet of regeneration
 F - an uncursed amulet of guardian spirit
 M - an uncursed ring of positive energy
Wands
 r - a wand of flame (38)
 s - a wand of random effects (23)
Scrolls
 e - 8 scrolls of identify
 j - 2 scrolls of enchant weapon
 l - 3 scrolls of magic mapping
 p - 2 scrolls of amnesia
 H - a scroll of teleportation
Potions
 a - a potion of berserk rage
 d - 2 potions of flight
 g - 3 potions of curing
 m - a potion of magic
Books
 b - a book of Conjurations

   Spells                             Type                      Level
   a - Magic Dart                     Conjuration                  1
   b - Searing Ray                    Conjuration                  2
   c - Dazzling Spray                 Conjuration/Hexes            3
   d - Fulminant Prism                Conjuration/Hexes            4
   e - Force Lance                    Conjuration/Translocation    4
   f - Iskenderun's Mystic Blast      Conjuration                  4
 K - a book of Cantrips

   Spells                             Type                      Level
   a - Confusing Touch                Hexes                        1
   b - Animate Skeleton               Necromancy                   1
   c - Summon Small Mammal            Summoning                    1
   d - Apportation                    Translocation                1
Comestibles
 c - 12 rations


   Skills:
 + Level 0.0 Fighting
 + Level 6.9 Dodging
 - Level 2.4 Stealth
 + Level 13.3 Spellcasting
 + Level 9.0 Conjurations
 + Level 9.1 Hexes
 - Level 4.1 Evocations


You had 24 spell levels left.
You knew the following spells:

 Your Spells              Type           Power        Failure   Level  Hunger
a - Magic Dart            Conj           ####         1%          1    None
b - Searing Ray           Conj           ######       1%          2    None
c - Iskenderun's Mystic   Conj           ######..     2%          4    None
d - Fulminant Prism       Conj/Hex       ######....   2%          4    None


Dungeon Overview and Level Annotations

Branches:
Dungeon (10/15)            Temple (1/1) D:7
   Lair: D:8-11         Orc: D:9-12

Altars:
Cheibriados
Elyvilon
Fedhas
Makhleb
Nemelex Xobeh
Okawaru
Ru
Sif Muna
Trog
Vehumet
Wu Jian
Yredelemnul
Zin
The Shining One

Shops:
D:4 =   D:7 ?


Innate Abilities, Weirdness & Mutations

You have a pair of small horns on your head.
You have a somewhat thin skeletal structure. (Dex +2, Stealth)
You are dopey. (Int -2)
Your muscles are strong. (Str +2)


Message History

Confirm with . or Enter, or press ? or * to list all spells.
Aiming: Searing Ray
Press: ? - help, Shift-Dir - straight line, f/p - hellwing
Aim: a hellwing (moderately wounded)
The searing ray hits the hellwing.
The hellwing is heavily wounded. (Press . to maintain the ray.)
You block the hellwing's attack. The hellwing misses you.
The searing ray hits the hellwing.
The hellwing is heavily wounded.
The hellwing hits you!
* * * LOW HITPOINT WARNING * * *
The hellwing completely misses you. The hellwing closely misses you. x2
The searing ray hits the hellwing.
The hellwing is heavily wounded.
The hellwing misses you. The hellwing completely misses you.
The searing ray hits the hellwing.
The hellwing is severely wounded.
You finish channeling your searing ray.
The hellwing hits you!
You die...

#.# ###### ###'######....#.....
#.# #........####.#.##.. #.#
#######........# #.#..'.. #.#
#..............# #.####.. #.#
#.............## #....... #.#
#.............# ######## #.#
#.......#.################ #.#
#.......#.###............# #.#
#.......#@................ #.#
#####.#.#4###.##########.. #.#
#######.#>#.# #.# #.. #.#
#......(..#'###.## #.. #.#
#................# #.. #.#
#............(...# #.. #.#
#########........# #####.#
#.###########........# #.....#
#.#...........#####.######.###.#


You could see a hellwing.

Vanquished Creatures
  Pikel (D:7)
  Joseph (D:7)
  A hellwing (D:8)
  A hippogriff (D:7)
  Sigmund (D:5)
  4 yaks (D:9)
  Menkaure (D:7)
  A water moccasin (D:10)
  4 orc warriors
  A slave (D:8)
  3 ice beasts
  4 ogres
  2 phantoms (D:7)
  2 centaurs
  A big kobold (D:8)
  2 bullfrogs
  An elf skeleton (D:6)
  9 scorpions
  4 wights (D:9)
  A crimson imp (D:5)
  A bullfrog zombie (D:6)
  3 centaur zombies (Ossuary)
  A quasit (D:8)
  7 orc priests
  2 centaur skeletons
  3 hounds
  4 human zombies
  A gnoll shaman (D:4)
  2 human skeletons (D:6)
  7 orc wizards
  4 iguanas
  7 worker ants
  A killer bee zombie (D:8)
  3 mummies (Ossuary)
  2 hound skeletons
  A worker ant zombie (D:5)
  Robin (D:2)
  9 adders
  4 gnolls (D:4)
  3 scorpion zombies (Ossuary)
  A shadow imp (D:9)
  3 oozes
  An adder zombie (D:8)
  6 worms
  2 dart slugs
  8 leopard geckos
  12 orcs
  9 giant cockroaches
  12 goblins
  13 hobgoblins
  5 jackals
  10 kobolds
  3 quokkas
  7 bats
  9 frilled lizards
  3 goblin zombies (Ossuary)
  3 hobgoblin zombies (Ossuary)
  2 jackal skeletons
  A jackal zombie (D:9)
  3 kobold zombies (Ossuary)
  An orc skeleton (D:6)
  3 rats
228 creatures vanquished.

Vanquished Creatures (others)
  A slave (D:7)
  A centaur zombie (Ossuary)
  8 fulminant prisms
10 creatures vanquished.

Grand Total: 238 creatures vanquished

Notes
Turn   | Place    | Note
-------+----------+-------------------------------------------
     0 | D:1      | Mirai the Deep Elf Conjurer began the quest for the Orb.
     0 | D:1      | Reached XP level 1. HP: 10/10 MP: 6/6
   166 | D:1      | Reached skill level 4 in Spellcasting
   166 | D:1      | Reached XP level 2. HP: 14/15 MP: 6/9
   170 | D:1      | Learned a level 2 spell: Searing Ray
   565 | D:1      | Reached XP level 3. HP: 16/19 MP: 8/11
   579 | D:1      | Reached skill level 5 in Spellcasting
  1792 | D:2      | Reached skill level 6 in Spellcasting
  1792 | D:2      | Reached XP level 4. HP: 22/24 MP: 8/14
  1798 | D:2      | Learned a level 4 spell: Iskenderun's Mystic Blast
  1803 | D:2      | Learned a level 4 spell: Fulminant Prism
  1818 | D:2      | Noticed Robin
  1944 | D:2      | You fall through a shaft!
  2240 | D:2      | Killed Robin
  2240 | D:2      | Reached skill level 7 in Spellcasting
  2241 | D:2      | Reached XP level 5. HP: 28/28 MP: 4/16
  2296 | D:2      | Got a smoking helmet
  2304 | D:2      | Identified the cursed +0 helmet of the Pink Corner {*Contam Regen+ Dex+4 Slay+2} (You took it off Robin on level 2 of the Dungeon)
  2670 | D:3      | Found a sparkling altar of Nemelex Xobeh.
  2726 | D:3      | Found an iron altar of Okawaru.
  2726 | D:3      | Found a glowing golden altar of the Shining One.
  2729 | D:3      | You fall through a shaft for 2 floors!
  2729 | D:5      | Entered Level 5 of the Dungeon
  2733 | D:5      | Noticed an ogre
  2741 | D:5      | Killed an ogre
  2741 | D:5      | Reached skill level 8 in Spellcasting
  2745 | D:5      | Noticed Sigmund
  2761 | D:5      | Killed Sigmund
  2761 | D:5      | Reached skill level 9 in Spellcasting
  2761 | D:5      | Reached XP level 6. HP: 32/32 MP: 6/20
  3148 | D:3      | Found a faded altar of an unknown god.
  3179 | D:3      | Found a faded altar of an unknown god.
  3180 | D:3      | Found a glowing silver altar of Zin.
  3290 | D:4      | Reached skill level 10 in Spellcasting
  3291 | D:4      | Reached XP level 7. HP: 28/36 MP: 9/22
  3532 | D:4      | Reached skill level 1 in Hexes
  3532 | D:4      | Reached skill level 1 in Evocations
  3600 | D:4      | Found Veipuas's Jewellery Shop.
  4082 | D:5      | Got a crystal hand axe
  4088 | D:5      | Identified the +5 hand axe of the Nexus {drain, *Rage rPois MR++ Str+10} (You found it on level 5 of the Dungeon)
  4305 | D:5      | Reached skill level 5 in Conjurations
  4494 | D:5      | Reached XP level 8. HP: 31/41 MP: 12/24
  4799 | D:6      | Found a sand-covered staircase.
  4814 | Ossuary  | Entered an ossuary
  4947 | Ossuary  | Reached skill level 11 in Spellcasting
  5408 | Ossuary  | Reached skill level 5 in Hexes
  5864 | D:6      | Found a basalt altar of Yredelemnul.
  6224 | D:7      | Found Ahalytsot's Magic Scroll Emporium.
  6232 | D:7      | Reached XP level 9. HP: 45/45 MP: 12/26
  6301 | D:7      | Noticed Menkaure
  6305 | D:7      | Killed Menkaure
  6579 | D:7      | Noticed Pikel
  6646 | D:7      | Killed Pikel
  6646 | D:7      | Reached skill level 12 in Spellcasting
  7044 | D:7      | Found a staircase to the Ecumenical Temple.
  7061 | Temple   | Entered the Ecumenical Temple
  7081 | Temple   | Became a worshipper of Vehumet
  7170 | D:7      | Found a blossoming altar of Fedhas.
  7201 | D:7      | Noticed Joseph
  7218 | D:7      | Killed Joseph
  7218 | D:7      | Reached skill level 5 in Dodging
  8096 | D:8      | Found a bloodstained altar of Trog.
  8180 | D:8      | Reached XP level 10. HP: 50/50 MP: 19/28
  8333 | D:8      | Reached * piety under Vehumet
  8333 | D:8      | Offered knowledge of Sandblast by Vehumet.
  9224 | D:8      | Gained mutation: Your mind is acute. (Int +2) [potion of mutation]
  9224 | D:8      | Gained mutation: You have a somewhat thin skeletal structure. (Dex +2, Stealth) [potion of mutation]
  9224 | D:8      | Gained mutation: Your muscles are strong. (Str +2) [potion of mutation]
  9389 | D:9      | Reached skill level 13 in Spellcasting
  9961 | D:10     | Entered Level 10 of the Dungeon
 10356 | D:8      | Lost mutation: Your mind is acute. (Int +2) [potion of mutation]
 10356 | D:8      | Gained mutation: You are dopey. (Int -2) [potion of mutation]
 10356 | D:8      | Gained mutation: You have a pair of small horns on your head. [potion of mutation]
 10393 | D:8      | HP: 2/50 [hellwing (5)]
 10399 | D:8      | Slain by a hellwing

Skill      XL: |  1  2  3  4  5  6  7  8  9 10 |
---------------+-------------------------------+-----
Spellcasting   | 4 6 7 9 10 11 12 13 | 13.3
Hexes          | 3 5 8 9 |  9.1
Evocations     | 2 4 |  4.1
Conjurations   | 5 6 8 9 |  9.0
Dodging        | 5 6 |  6.9
Stealth        | |  2.4

Action                   |  1- 3 |  4- 6 |  7- 9 | 10-12 || total
-------------------------+-------+-------+-------+-------++-------
Melee: Unarmed           |    25 |       |       |       ||    25
       Dagger            |    18 |     9 |       |       ||    27
       Hand axe          |       |       |    11 |    43 ||    54
 Cast: Magic Dart        |    86 |    57 |   128 |    13 ||   284
       Searing Ray       |     3 |    16 |    58 |    17 ||    94
       Iskenderun's Myst |       |       |    39 |    56 ||    95
       Fulminant Prism   |       |       |     3 |     8 ||    11
Evoke: Wand              |       |       |       |     7 ||     7
  Use: Scroll            |       |     1 |    17 |     5 ||    23
       Potion            |       |       |     1 |    20 ||    21
  Eat: Chunk             |    16 |     8 |    15 |     5 ||    44
Armor: Robe              |    22 |     6 |     2 |       ||    30
       Leather armour    |       |       |    33 |    21 ||    54
       Skin              |       |       |       |    48 ||    48
Dodge: Dodged            |    64 |    18 |    90 |   120 ||   292
Block: Buckler           |       |       |       |    27 ||    27
